 Dungeon Crawl Stone Soup version 0.28-a0-1404-g4df0f3684d (webtiles) character file.

Game seed: 5776596832904648737

421 southernslant the Skirmisher (level 6, -9/39 HPs)
             Began as a Gargoyle Gladiator on Jan 6, 2022.
             Mangled by an ogre (27 damage)
             ... on level 3 of the Dungeon.
             The game lasted 00:05:44 (3552 turns).

southernslant the Skirmisher (Gargoyle Gladiator)   Turns: 3552, Time: 00:05:44

Health: -9/39      AC:  9    Str: 17    XL:     6   Next: 94%
Magic:  6/6        EV: 12    Int:  9    God:
Gold:   96         SH:  0    Dex: 13    Spells: 5/5 levels left

rFire   . . .      SeeInvis .   a - +0 quarterstaff
rCold   . . .      Faith    .   (shield currently unavailable)
rNeg    + . .      Spirit   .   b - +0 leather armour
rPois   ∞          Reflect  .   c - +0 helmet
rElec   +          Harm     .   (no cloak)
rCorr   .          Rampage  .   (no gloves)
Will    .....                   (no boots)
Stlth   +.........              e - amulet of the acrobat
HPRegen 0.13/turn               (no ring)
MPRegen 0.10/turn               (no ring)

@: no status effects
A: sickness immunity, AC +4, negative energy resistance 1, electricity
resistance, torment resistance 1, petrification resistance
a: no special abilities


You were on level 3 of the Dungeon.
You visited 1 branch of the dungeon, and saw 4 of its levels.

You collected 96 gold pieces.

Inventory:

Hand Weapons
 a - a +0 quarterstaff (weapon)
Missiles
 d - 3 throwing nets
 f - 87 stones (quivered)
Armour
 b - a +0 leather armour (worn)
 c - a +0 helmet (worn)
Magical Staves
 g - a staff of fire
Jewellery
 e - an amulet of the acrobat (around neck)
 m - a +6 ring of intelligence
Scrolls
 h - a scroll of blinking {unknown}
 l - a scroll of enchant armour {unknown}
Potions
 i - 2 potions of curing {unknown}
 j - 2 potions of mutation {unknown}
 k - 4 potions of might {unknown}
 n - a potion of cancellation {unknown}


   Skills:
 * Level 4.5 Fighting
 + Level 3.9 Staves
 + Level 2.9 Throwing
 * Level 3.7 Armour
 + Level 3.2 Dodging


You had 5 spell levels left.
You didn't know any spells.
Your spell library contained the following spells:

 Spells                   Type           Power      Damage    Failure   Level
 Summon Small Mammal      Summ           0%         N/A       43%         1
 Call Canine Familiar     Summ           0%         N/A       82%         3
 Summon Guardian Golem    Hex/Summ       0%         N/A       82%         3


Dungeon Overview and Level Annotations

Branches:
Dungeon (4/15)
 Temple: D:4-7

Altars:

Shops:
D:2 [


Innate Abilities, Weirdness & Mutations

You are immune to sickness and miasma.
Your stone body is resilient. (AC +4)
You are immune to poison.
You resist negative energy. (rN+)
You are resistant to electric shocks. (rElec)
You are resistant to unholy torment.
You are immune to petrification.


Message History

The adder bites you but does no damage. The ogre closely misses you.
You barely miss the ogre. The adder barely misses you.
The adder closely misses you. The ogre closely misses you.
The adder barely misses you. The ogre barely misses you.
You climb upwards.
There is a stone staircase leading down here.
You barely miss the ogre. The adder closely misses you.
The adder bites you but does no damage.
You hit the ogre.
The ogre is lightly wounded.
The ogre barely misses you. The adder bites you.
You sock the ogre!
The ogre is moderately wounded.
The adder bites you. The ogre misses you. The adder closely misses you.
You hit the ogre.
The ogre is heavily wounded.
The ogre misses you. The adder barely misses you.
You hit the ogre but do no damage.
The ogre is heavily wounded.
The adder bites you but does no damage. The ogre barely misses you.
You hit the ogre.
The ogre is severely wounded.
The adder bites you but does no damage. The adder misses you.
The ogre misses you.
You barely miss the ogre.
The ogre is severely wounded.
The adder closely misses you.
The ogre hits you with a +0 giant spiked club!
You barely miss the ogre.
The ogre is severely wounded.
The adder bites you but does no damage. The adder barely misses you.
You hit the ogre.
The ogre is severely wounded.
The ogre misses you. The adder barely misses you.
You barely miss the ogre.
The ogre is severely wounded.
The adder bites you but does no damage.
The ogre hits you with a +0 giant spiked club!!
Ouch! That really hurt!
You die...

###..###.#.####.##.####.#
#..##.###.#...........#
#....#####....##.######
#####.....######.#
###...### #.# ##.......#
#.# ###........# #.#
#......[O..# #.#
#.#.##.@S#.# #.#
#.########## ### #.#
############# #.#
#P..#...#P..#
#.#####################
#.....................##
#####################..#
#...#Pb.#P..# #..#
############# ####


You could see an ogre and an adder.

Vanquished Creatures
  2 necrophages (D:4)
  Blork the orc (D:3)
  A scorpion (D:4)
  A hound (D:3)
  Terence (D:3)
  Robin (D:3)
  An adder (D:2)
  A worm (D:2)
  A dart slug (D:3)
  5 orcs
  3 bats
  2 endoplasms
  2 giant cockroaches
  9 goblins
  5 hobgoblins
  2 quokkas
  5 ball pythons
  A frilled lizard (D:2)
  A kobold (D:2)
  5 rats
50 creatures vanquished.

Notes
Turn   | Place    | Note
-------+----------+-------------------------------------------
     0 | D:1      | southernslant the Gargoyle Gladiator began the quest for
                  | the Orb.
     0 | D:1      | Reached XP level 1. HP: 12/12 MP: 1/1
   389 | D:1      | Reached XP level 2. HP: 18/18 MP: 2/2
   939 | D:2      | Found Tampapab's Antique Armour Shoppe.
   944 | D:2      | Reached skill level 1 in Armour
  1124 | D:2      | Reached XP level 3. HP: 17/22 MP: 3/3
  1336 | D:2      | Found a faded altar of an unknown god.
  1865 | D:3      | Reached skill level 3 in Fighting
  1865 | D:3      | Reached XP level 4. HP: 23/28 MP: 4/4
  1982 | D:3      | Noticed Terence
  1998 | D:3      | Killed Terence
  2647 | D:4      | Noticed Robin
  2673 | D:3      | Killed Robin
  2674 | D:3      | Reached XP level 5. HP: 20/32 MP: 5/5
  3080 | D:4      | Noticed a necrophage
  3096 | D:4      | Killed a necrophage
  3097 | D:4      | Reached skill level 4 in Fighting
  3097 | D:4      | Reached XP level 6. HP: 24/38 MP: 6/6
  3230 | D:4      | Noticed Blork the orc
  3230 | D:4      | Noticed a necrophage
  3252 | D:3      | Killed Blork the orc
  3539 | D:4      | Killed a necrophage
  3552 | D:3      | Mangled by an ogre

Illustrated notes

Levels and vault maps discovered:
D:1:      dpeg_arrival_pond, layout_basic
D:2:      layout_loops_ring, shapermc_ecumenical_altar_ellora, serial_shops,
          shop
D:3:      layout_loops_ring, serial_aquarium, aquarium_bridge_square
          [aquarium_subvault_bridge, aquarium_subvault_bridge,
          aquarium_subvault_window, aquarium_subvault_wall],
          aquarium_bridge_long_joined [aquarium_subvault_bridge,
          aquarium_subvault_wall, aquarium_subvault_wall,
          aquarium_subvault_bridge, aquarium_subvault_wall,
          aquarium_subvault_bridge], aquarium_window_corridor_2,
          aquarium_window_1, aquarium_view_2d, aquarium_balcony_3b, uniq_terence
D:4:      layout_basic, st_stairs_1, patterned_corridor, uniq_robin,
          uniq_blork_the_orc

Skill      XL: |  1  2  3  4  5 |
---------------+----------------+-----
Throwing       | 2 |  2.9
Armour         | 1 2 3 |  3.7
Fighting       | 3 4 |  4.5
Dodging        | 3 |  3.2
Staves         | |  3.9

Action                   |  1- 3 |  4- 6 || total
-------------------------+-------+-------++-------
Melee: Quarterstaff      |    77 |   124 ||   201
Throw: Stone             |     5 |     2 ||     7
Armor: Leather armour    |    37 |    50 ||    87
Dodge: Dodged            |    71 |   107 ||   178

Table legend: (Time is in decaauts)
 A = Elapsed time spent in this place.
 B = Non-inter-level travel time spent in this place.
 C = Inter-level travel time spent in this place.
 D = Time resting spent in this place.
 E = Time spent auto-exploring this place.
 F = Levels seen in this place.
 G = Mean time per level.
                   A        B        C        D        E       F      G
               +--------+--------+--------+--------+--------+-----+--------+
         Total |   3581 |   3506 |     75 |      0 |   2359 |   4 |  895.2 |
       Dungeon |   3581 |   3506 |     75 |      0 |   2359 |   4 |  895.2 |
               +--------+--------+--------+--------+--------+-----+--------+

Top non-repeatable levels by time:
     D:3: 1593 daAuts
     D:1: 887 daAuts
     D:2: 794 daAuts
     D:4: 306 daAuts
